 Dungeon Crawl Stone Soup version 0.29.0-5-ge4962eb29e (webtiles) character file.

Game seed: 16868576799425546470

17 trontxu the Cudgeller (level 2, -4/27 HPs)
             Began as a Minotaur Berserker on Aug 29, 2022.
             Was a Follower of Trog.
             Slain by Natasha (6 damage)
             ... on level 3 of the Dungeon on Aug 30, 2022.
             The game lasted 00:27:12 (863 turns).

trontxu the Cudgeller (Minotaur Berserker)           Turns: 863, Time: 00:27:13

Health: -4/27      AC:  5    Str: 21    XL:     2   Next: 44%
Magic:  1/1        EV: 11    Int:  4    God:    Trog [*.....]
Gold:   45         SH:  0    Dex:  9    Spells: 1/1 levels left

rFire   . . .      SeeInvis .   a - +0 mace
rCold   . . .      Faith    .   (no shield)
rNeg    . . .      Spirit   .   e - +0 ring mail
rPois   .          Reflect  .   (helmet restricted)
rElec   .          Harm     .   (no cloak)
rCorr   .          Rampage  .   (no gloves)
Will    .....                   (no boots)
Stlth   ..........              (no amulet)
HPRegen 0.09/turn               (no ring)
MPRegen 0.07/turn               (no ring)

@: flying
A: horns 2, retaliatory headbutt
a: Renounce Religion, Berserk


You were on level 3 of the Dungeon.
You worshipped Trog.
Trog was aware of your devotion.
You visited 1 branch of the dungeon, and saw 3 of its levels.

You collected 45 gold pieces.

Inventory:

Hand Weapons
 a - a +0 mace (weapon)
Missiles
 d - 2 stones (quivered)
Armour
 b - a +0 animal skin
 e - a +0 ring mail (worn)
Potions
 c - 2 potions of flight
 f - a potion of degeneration {unknown}


   Skills:
 + Level 4.0 Fighting
 + Level 4.1 Maces & Flails
 + Level 2.6 Armour
 + Level 2.3 Dodging


You had one spell level left.
You didn't know any spells.
Your spell library was empty.

Dungeon Overview and Level Annotations

Branches:
Dungeon (3/15)

Altars:
Okawaru

Annotations:
D:3 !natasha, Natasha


Innate Abilities, Weirdness & Mutations

You have a pair of horns on your head.
You reflexively headbutt those who attack you in melee.


Message History

Natasha hisses angrily.
You hear a shout!
Natasha wildly gestures.
You feel troubled.
Press: ? - help, v - describe, . - travel
Here: Natasha The floor.
Natasha is nearby!
Annotate which branch? (. - D:3, ? - help, ! - show branch list) New annotation for D:3 (include '!' for warning): !natasha Natasha casts a spell at you.
The magic dart hits you!
It was a potion of flight.
You feel very buoyant.
You fly up into the air.
Natasha misses you.
You closely miss Natasha. Your headbutt misses Natasha. Natasha claws you!
* * * LOW HITPOINT WARNING * * *
Natasha attacks as you move away! Natasha closely misses you.
Natasha mumbles some strange words.
You feel troubled. Natasha claws you.
* * * LOW HITPOINT WARNING * * *
Natasha attacks as you move away! Natasha misses you. You furiously retaliate!
You headbutt Natasha! Natasha attacks as you move away! Natasha claws you.
* * * LOW HITPOINT WARNING * * *
Natasha mumbles some strange words.
Natasha casts a spell.
Press: ? - help, v - describe, . - travel The floor.
You hit the crimson imp but do no damage.
The crimson imp shouts, "Out, out, thou fawning rump-fed lewdster!"
The crimson imp barely misses you.
The crimson imp attacks as you move away!
The crimson imp hits you but does no damage.
Natasha attacks as you move away! Natasha closely misses you.
The crimson imp blinks!
You hit Natasha but do no damage.
Natasha is heavily wounded.
Natasha claws you.
You die...

#......≈g≈...# .#
##......≈≈≈.8.# .#
#..........8_8##########.##
#.......≈≈≈.8.#..##........
#.......≈g≈...#............
####......########5##........
..####.#.....#.5...##########
#.#..........#.######
#.#...##....@h....5.# #
#.#......##########.#
#.##.#....### #.......####
#.........# ###.#####....####
####.#...## #................
#.#...# #.#.#####....####
#.#...# #.#.......#.##
#.....# #....###..#.# #####.#
#......#..#.#


You could see Natasha, a crimson imp (summoned) and a shadow imp (summoned).

Vanquished Creatures
  A dart slug (D:1)
  A bat (D:1)
  A goblin (D:1)
  3 hobgoblins (D:1)
  2 jackals (D:1)
  A kobold (D:1)
  A quokka (D:1)
  A ball python (D:1)
  A frilled lizard (D:1)
  A rat (D:1)
13 creatures vanquished.

Notes
Turn   | Place    | Note
-------+----------+-------------------------------------------
     0 | D:1      | trontxu the Minotaur Berserker began the quest for the Orb.
     0 | D:1      | Reached XP level 1. HP: 19/19 MP: 0/0
   180 | D:1      | Reached XP level 2. HP: 5/27 MP: 1/1
   754 | D:3      | Found an iron altar of Okawaru.
   844 | D:3      | Noticed Natasha
   857 | D:3      | HP: 1/27 [Natasha (1)]
   861 | D:3      | Noticed a crimson imp
   863 | D:3      | Slain by Natasha

Illustrated notes

Levels and vault maps discovered:
D:1:      heliophobic_arrival_ceremonial_halls, layout_basic,
          chequers_ecumenical_altar_simple, minmay_misc_feat_tiny
D:2:      minmay_alternating_diamond, layout_basic
D:3:      layout_basic, kennysheep_okawaru_gauntlet, uniq_natasha

Skill      XL: |  1  2 |
---------------+-------+-----
Maces & Flails | 4 |  4.1
Fighting       | 4 |  4.0
Armour         | |  2.6
Dodging        | |  2.3

Action                   || total
-------------------------++-------
Melee: Mace              ||    32
       Headbutt          ||     6
Throw: Stone             ||     4
Invok: Berserk           ||     1
  Use: Potion            ||     1
Armor: Animal skin       ||     6
       Ring mail         ||     8
Dodge: Dodged            ||    46
